 Dungeon Crawl Stone Soup version 0.29.1-13-g9f3cf754e1 (webtiles) character file.

Game seed: 17980058123764962990

81 hbarley the Chopper (level 4, -5/40 HPs)
             Began as a Hill Orc Fighter on Jan 30, 2023.
             Killed by divine providence
             ... invoked by an orc priest
              (15 damage)
             ... on level 2 of the Dungeon.
             The game lasted 00:04:38 (1436 turns).

hbarley the Chopper (Hill Orc Fighter)              Turns: 1436, Time: 00:04:39

Health: -5/40      AC:  8    Str: 18    XL:     4   Next: 40%
Magic:  4/4        EV:  9    Int:  8    God:
Gold:   150        SH:  4    Dex: 12    Spells: 3/3 levels left

rFire   . . .      SeeInvis .   a - +0 war axe
rCold   . . .      Faith    .   c - +0 buckler
rNeg    . . .      Spirit   .   b - +0 scale mail
rPois   .          Reflect  .   (no helmet)
rElec   .          Harm     .   i - +0 cloak
rCorr   .          Rampage  .   (no gloves)
Will    .....                   (no boots)
Stlth   ..........              (no amulet)
HPRegen 0.13/turn               (no ring)
MPRegen 0.09/turn               (no ring)

@: no status effects
A: no striking features
a: Convert to Beogh


You were on level 2 of the Dungeon.
You visited 1 branch of the dungeon, and saw 2 of its levels.

You collected 150 gold pieces.

Inventory:

Hand Weapons
 a - a +0 war axe (weapon)
Armour
 b - a +0 scale mail (worn)
 c - a +0 buckler (worn)
 i - a +0 cloak (worn)
Scrolls
 g - 2 scrolls of teleportation {unknown}
 h - a scroll of vulnerability {unknown}
 j - a scroll of brand weapon {unknown}
 k - a scroll of fear {unknown}
 l - a scroll of enchant weapon {unknown}
 n - a scroll of identify {unknown}
Potions
 d - a potion of might
 e - a potion of invisibility {unknown}
 f - a potion of lignification {unknown}
 m - 2 potions of brilliance {unknown}


   Skills:
 + Level 4.1 Fighting
 + Level 4.6 Axes
 + Level 3.8 Armour
 + Level 3.6 Shields


You had 3 spell levels left.
You didn't know any spells.
Your spell library contained the following spells:

 Spells                   Type           Power      Damage    Failure   Level
 Apportation              Tloc           0%         N/A       87%         1
 Alistair's Intoxication  Tmut/Pois      0%         N/A       100%        5


Dungeon Overview and Level Annotations

Branches:
Dungeon (2/15)

Altars:

Shops:
D:1 *


Message History

The orc priest shouts!
The orc priest shouts, "Join the one true god or die!" (press Y on the ability menu to convert to Beogh)
You slash the endoplasm!
You kill the endoplasm!
The kobold throws a stone.
The stone barely misses you.
You slash the kobold!
You kill the kobold!
The orc priest miscasts a cantrip.
Things that are here:
a +0 short sword; 4 stones; a kobold corpse You hit the orc.
The orc is heavily wounded.
The orc hits you with a +0 club.
You slash the orc!
You kill the orc!
The adder hisses angrily.
You slash something! You block something's attack. Something hits you.
You miss something. Something hits you but does no damage.
The orc priest looks braver for a moment.
You miss something. Something hits you. Something hits you but does no damage.
You barely miss something. Something hits you.
You slash something!
Reactivating autopickup.
You feel a bit more experienced.
You have reached level 4!
You hit the orc.
The orc is lightly wounded.
You block the orc's attack. The orc barely misses you.
The orc priest mumbles some strange prayers to Beogh against you.
Beogh smites you!
* * * LOW HITPOINT WARNING * * *
The orc priest threatens, "By the altar or by the axe, you will meet Beogh!"
You slash the orc!
You kill the orc!
You block the adder's attack.
You miss the adder. You block the adder's attack.
The orc priest calls down the wrath of Beogh upon you.
Beogh smites you!
You die...

### ##.# ####
#..########## ....#
#>.#........########.....#
#...#######.<...@So..>...#
#.#.# #########......#
#.#.# #...... ..#.# .....S
.##.# ..... ....# .....
....## ...# .....# ####
#### ...#.######...


You could see an orc priest and an adder.

Vanquished Creatures
  An orc wizard (D:2)
  A dart slug (D:2)
  2 orcs (D:2)
  4 ball pythons
  3 bats
  6 endoplasms
  2 giant cockroaches (D:1)
  5 goblins
  5 hobgoblins
  5 jackals
  3 kobolds
  2 quokkas (D:1)
  2 frilled lizards (D:1)
  3 rats
44 creatures vanquished.

Notes
Turn   | Place    | Note
-------+----------+-------------------------------------------
     0 | D:1      | hbarley the Hill Orc Fighter began the quest for the Orb.
     0 | D:1      | Reached XP level 1. HP: 19/19 MP: 1/1
   322 | D:1      | Reached XP level 2. HP: 27/27 MP: 2/2
   696 | D:1      | Reached XP level 3. HP: 23/33 MP: 3/3
   793 | D:1      | Found Kuhad's General Store.
  1434 | D:2      | Reached XP level 4. HP: 22/40 MP: 4/4
  1436 | D:2      | Killed from afar by an orc priest

Illustrated notes

Levels and vault maps discovered:
D:1:      heliophobic_arrival_battle_scene, layout_rooms, serial_shops,
          nicolae_shop_temple_entry_statues_fountains, hex_tiny, st_stairs_13,
          hangedman_feature_mirror, minivault_14, chequers_serial_rivers_room_b,
          chequers_serial_rivers_small_a
D:2:      layout_rooms

Skill      XL: |  1  2  3 |
---------------+----------+-----
Axes           | 3 4 |  4.6
Fighting       | 4 |  4.1
Armour         | |  3.8
Shields        | |  3.6

Action                   |  1- 3 |  4- 6 || total
-------------------------+-------+-------++-------
Melee: War axe           |   110 |     3 ||   113
Armor: Scale mail        |    59 |       ||    59
Dodge: Dodged            |    56 |     1 ||    57
Block: Buckler           |    24 |     3 ||    27
